 Dungeon Crawl Stone Soup version 0.22.1-1-ga44c0e56f4 (webtiles) character file.

1290 Ihlosi the Fighter (level 8, -1/98 HPs)
             Began as an Ogre Fighter on Oct 29, 2018.
             Was a Believer of Okawaru.
             Engulfed by a steam dragon's steam (9 damage)
             ... on level 7 of the Dungeon.
             The game lasted 00:20:27 (6291 turns).

Ihlosi the Fighter (Ogre Fighter)                   Turns: 6291, Time: 00:20:27

Health: -1/98      AC:  3    Str: 20 (21) XL:     8   Next: 55%
Magic:  8/8        EV:  8    Int: 12 (14) God:    Okawaru [**....]
Gold:   277        SH:  8    Dex: 11 (12) Spells: 7/7 levels left

rFire    . . .     SeeInvis .   y - +3 hand axe of Ipuycon {holy, MR+}
rCold    + . .     Gourm    .   c - +0 shield
rNeg     . . .     Faith    +   b - +0 robe
rPois    .         Spirit   .   (helmet restricted)
rElec    .         Reflect  .   (no cloak)
rCorr    .         Harm     .   (gloves unavailable)
MR       +....                  (boots unavailable)
Stlth    +.........             h - amulet of faith
HPRegen  0.26/turn              (no ring)
MPRegen  0.11/turn              (no ring)

@: brilliant
A: large, unfitting armour, hooves 1, agile 1, cold resistance 1, tough skin 1
a: Heroism, Renounce Religion


You were on level 7 of the Dungeon.
You worshipped Okawaru.
Okawaru was pleased with you.
You were very hungry.

You visited 2 branches of the dungeon, and saw 8 of its levels.
You also visited: Ossuary.

You collected 277 gold pieces.

Inventory:

Hand Weapons
 a - a +0 flail
 l - a +0 mace
 m - a cursed -2 whip
 o - a +0 mace
 p - a +0 whip of freezing
 r - a +0 antimagic hand axe
 y - the +3 hand axe of Ipuycon (weapon) {holy, MR+}
   (You found it on level 5 of the Dungeon)

   It has been blessed by the Shining One to cause great damage to the undead
   and demons.
   It affects your resistance to hostile enchantments.
 E - a +0 giant spiked club
 G - the +8 frozen axe "Frostbite" {freezing cloud, *Noise +Fly rC+}
   (You found it on level 4 of the Dungeon)

   It has been specially enchanted to freeze those struck by it, causing extra
   injury to most foes and up to half again as much damage against particularly
   susceptible opponents.
   It can also slow down cold-blooded creatures.
   It protects you from cold.
   It lets you fly.
   It may make noises in combat.
Armour
 b - a +0 robe (worn)
 c - a +0 shield (worn)
Jewellery
 h - an amulet of faith (around neck)
Wands
 D - a wand of enslavement (4)
Scrolls
 e - 8 scrolls of identify
 g - a scroll of enchant armour
 j - 2 scrolls of magic mapping {unknown}
 q - 3 scrolls of noise {unknown}
 s - 4 scrolls of blinking {unknown}
 t - 3 scrolls of immolation
 u - a scroll of enchant weapon {unknown}
 v - 2 scrolls of remove curse {unknown}
 x - 2 scrolls of amnesia {unknown}
 A - 2 scrolls of fog {unknown}
 F - a scroll of torment {unknown}
Potions
 d - a potion of resistance
 i - 3 potions of brilliance
 n - 3 potions of curing {unknown}
 w - 2 potions of lignification {unknown}
 z - 7 potions of degeneration
Comestibles
 f - 14 rations


   Skills:
 * Level 11.6 Fighting
 + Level 4.6 Maces & Flails
 - Level 3.0 Dodging
 - Level 3.0 Shields
 + Level 0.3 Evocations


You had 7 spell levels left.
You didn't know any spells.
Your spell library was empty.

Dungeon Overview and Level Annotations

Branches:
Dungeon (7/15)             Temple (1/1) D:5

Altars:
Ashenzari
Cheibriados
Dithmenos
Elyvilon
Fedhas
Gozag
Kikubaaqudgha
Makhleb
Nemelex Xobeh
Okawaru
Qazlal
Ru
Sif Muna
Trog
Uskayaw
Vehumet
Wu Jian
Xom
Yredelemnul
Zin
The Shining One

Annotations:
D:7 Prince Ribbit


Innate Abilities, Weirdness & Mutations

You are too large for most types of armour.
You have tough skin. (AC +1)
You have large cloven feet.
You are agile. (Dex +2)
Your flesh is cold resistant. (rC+)


Message History

The steam dragon is almost dead.
The steam dragon bites you! The steam dragon closely misses you.
You completely miss the steam dragon.
You kick the steam dragon, but do no damage.
The steam dragon is almost dead.
The steam dragon breathes steam at you. The ball of steam hits you!
* * * LOW HITPOINT WARNING * * *
It was a potion of brilliance.
You feel clever all of a sudden.
You are engulfed in a cloud of scalding steam.
* * * LOW HITPOINT WARNING * * *
The steam dragon bites you!
* * * LOW HITPOINT WARNING * * *
The steam dragon barely misses you.
It was a potion of degeneration.
There was something very wrong with that liquid.
You feel weakened.
You feel dopey.
You feel clumsy.
You are engulfed in a cloud of scalding steam.
You die...

##### #################
#....##...##......#...#
#................#.....
#................#.....
#................#.....
#.....D..........#.....
#..../@..........#.....
#.....ยง..........#.....
#....##...##.....###...
###+# #...##.....###...
......#.......#...
.......#.......'...
........#.......#...
........#.......#...
#.......#.<.


You could see a steam dragon.

Vanquished Creatures
  Eustachio (D:6)
  Menkaure (D:4)
  Duvessa (D:4)
  A phantom (D:4)
  2 black bears (D:6)
  An ogre (D:4)
  A crimson imp (D:5)
  A jelly (D:6)
  Crazy Yiuf (D:4)
  A human zombie (Ossuary)
  An orc priest (D:4)
  An orc wizard (D:3)
  An iguana (D:5)
  Jessica (D:2)
  Ijyb (D:4)
  3 worker ants
  A killer bee zombie (D:5)
  A big kobold zombie (Ossuary)
  A hound skeleton (D:4)
  3 mummies (Ossuary)
  4 adders (D:3)
  2 shadow imps (D:6)
  3 adder skeletons
  4 worms (D:2)
  2 dart slugs
  7 leopard geckos
  12 orcs
  2 ball pythons
  6 giant cockroaches
  A gnoll zombie (Ossuary)
  4 goblins
  5 hobgoblins
  4 jackals
  5 quokkas
  8 bats
  11 frilled lizards
  A goblin zombie (Ossuary)
  A hobgoblin zombie (Ossuary)
  A jackal skeleton (D:5)
  9 kobolds
  2 kobold zombies (Ossuary)
  An orc zombie (Ossuary)
  A quokka zombie (D:5)
  11 rats
132 creatures vanquished.

Vanquished Creatures (others)
  Dowan (D:4)
1 creature vanquished.

Grand Total: 133 creatures vanquished

Notes
Turn   | Place    | Note
-------+----------+-------------------------------------------
     0 | D:1      | Ihlosi the Ogre Fighter began the quest for the Orb.
     0 | D:1      | Reached XP level 1. HP: 24/24 MP: 1/1
   359 | D:1      | Reached XP level 2. HP: 32/32 MP: 2/2
   888 | D:2      | Reached XP level 3. HP: 25/40 MP: 3/3
  1167 | D:2      | Noticed Jessica
  1452 | D:2      | Reached skill level 5 in Fighting
  1452 | D:2      | Reached XP level 4. HP: 50/50 MP: 4/4
  1626 | D:2      | Killed Jessica
  1648 | D:3      | Found a hide-covered altar of Uskayaw.
  1877 | D:3      | Found a stormy altar of Qazlal.
  1955 | D:3      | Reached XP level 5. HP: 57/57 MP: 5/5
  2714 | D:3      | Found a shattered altar of Ashenzari.
  2814 | D:4      | Noticed an ogre
  2821 | D:5      | Entered Level 5 of the Dungeon
  2831 | D:5      | Got a polished hand axe
  2836 | D:5      | Identified the +3 hand axe of Ipuycon {holy, MR+} (You
                  | found it on level 5 of the Dungeon)
  2854 | D:5      | Reached skill level 6 in Fighting
  2865 | D:5      | Found a sand-covered staircase.
  2874 | Ossuary  | Entered an ossuary
  3051 | Ossuary  | Reached XP level 6. HP: 65/67 MP: 6/6
  3411 | D:4      | Reached skill level 7 in Fighting
  3578 | D:4      | Found the +8 frozen axe "Frostbite" {freezing cloud, *Noise
                  | +Fly rC+}
  3638 | D:5      | Found an iron altar of Okawaru.
  3640 | D:5      | Found a sparkling altar of Nemelex Xobeh.
  3693 | D:5      | Became a worshipper of Warmaster Okawaru
  3969 | D:5      | Found a staircase to the Ecumenical Temple.
  3976 | Temple   | Entered the Ecumenical Temple
  4297 | D:4      | Found a shadowy altar of Dithmenos.
  4298 | D:4      | Noticed Ijyb
  4316 | D:4      | Killed Ijyb
  4316 | D:4      | Reached skill level 8 in Fighting
  4316 | D:4      | Reached XP level 7. HP: 74/80 MP: 7/7
  4342 | D:4      | Noticed Dowan
  4343 | D:4      | Noticed Duvessa
  4351 | D:4      | Noticed Menkaure
  4356 | D:4      | Your ally died
  4357 | D:4      | Killed Duvessa
  4362 | D:4      | Killed Menkaure
  4362 | D:4      | Reached skill level 9 in Fighting
  4696 | D:4      | Reached * piety under Okawaru
  4874 | D:4      | Reached skill level 10 in Fighting
  4957 | D:4      | Found a runed door.
  4974 | D:4      | Noticed Crazy Yiuf
  4982 | D:4      | Killed Crazy Yiuf
  5025 | D:4      | Found a deep blue altar of Sif Muna.
  5036 | D:4      | Reached XP level 8. HP: 72/94 MP: 8/8
  5505 | D:6      | Noticed Eustachio
  5572 | D:6      | Killed Eustachio
  5572 | D:6      | Reached skill level 11 in Fighting
  5659 | D:6      | Reached ** piety under Okawaru
  5714 | D:6      | Found an ornate altar of the Wu Jian Council.
  5714 | D:6      | Found a burning altar of Makhleb.
  6097 | D:7      | Noticed Prince Ribbit
  6105 | D:7      | Gained mutation: You are agile. (Dex +2) [potion of
                  | mutation]
  6105 | D:7      | Gained mutation: You have large cloven feet. [potion of
                  | mutation]
  6105 | D:7      | Gained mutation: Your flesh is cold resistant. (rC+)
                  | [potion of mutation]
  6291 | D:7      | Engulfed by a steam dragon's steam

Skill      XL: |  1  2  3  4  5  6  7  8 |
---------------+-------------------------+-----
Dodging        | 3 |  3.0
Shields        | 3 |  3.0
Maces & Flails | 2 3 4 |  4.6
Fighting       | 5 6 8 10 11 | 11.6
Evocations     | |  0.3

Action                   |  1- 3 |  4- 6 |  7- 9 || total
-------------------------+-------+-------+-------++-------
Melee: Flail             |    38 |       |       ||    38
       Mace              |    67 |       |       ||    67
       Whip              |    47 |   130 |       ||   177
       Hand axe          |       |    96 |   157 ||   253
       Kick              |       |       |     5 ||     5
Invok: Heroism           |       |       |     1 ||     1
Evoke: Wand              |       |       |     2 ||     2
  Use: Scroll            |       |     8 |       ||     8
       Potion            |       |     3 |     7 ||    10
 Stab: Sleeping          |     1 |     1 |     2 ||     4
  Eat: Chunk             |     2 |     7 |     4 ||    13
       Ration            |       |     1 |       ||     1
Armor: Robe              |    35 |    22 |    27 ||    84
Dodge: Dodged            |    49 |    45 |    48 ||   142
Block: Shield            |    58 |    85 |    76 ||   219
